AoeStats
← Heredero

Pilgrims

510233783Analyzed
3v3 RM · 1d ago on Sep 30, 2026· 34m 22s· 6 players
Game mode
Random Map
Map size
Normal (6 player)
Population
200
Speed
Normal
Resources
Standard
Victory
Conquest
Starting age
Dark Age
Ending age
Imperial Age
RankedLock teamsTeams togetherTeam positionsShared explorationLock speedFull tech treeHidden civsTurbo modeCheats
Victory
Defeat
🇦🇷 Celts · Argentina
1316
+14
🇨🇱 Mongols · Chile
1289
+15
🇨🇱 Inca · Chile
1282
+15
🇲🇽 Aztecs · Mexico
1300
-16
🇲🇽 Italians · Mexico
1266
-15
🇲🇽 Burmese · Mexico
1232
-13
StampedPear67
8:39 Loom
10:49 Feudal Age
15:12 Double-Bit Axe
26:13 Castle Age
FrumpyImpala821
8:38 Loom
11:57 Feudal Age
12:06 Man-at-Arms
14:33 Arson
15:48 Scale Mail Armor
19:25 Castle Age
18:24 Forging
19:49 Long Swordsman
22:31 Horse Collar
24:51 Iron Casting
tona1410
11:27 Feudal Age
11:59 Double-Bit Axe
13:22 Fletching
14:31 Loom
15:52 Horse Collar
22:37 Castle Age
22:39 Forging
22:31 Scale Mail Armor
23:59 Bow Saw
23:51 Heavy Plow
25:12 Iron Casting
25:36 Squires
26:43 Bodkin Arrow
30:37 Wheelbarrow
29:44 Man-at-Arms
30:28 Eagle Warrior
31:12 Crossbowman
Heredero
8:09 Loom
10:14 Feudal Age
10:53 Double-Bit Axe
13:16 Gold Mining
18:19 Wheelbarrow
17:30 Town Watch
27:56 Castle Age
26:39 Fishing Lines
31:13 Hand Cart
Ignacio
6:38 Loom
14:10 Feudal Age
14:39 Town Watch
14:44 Double-Bit Axe
15:35 Fletching
15:57 Fletching
18:57 Castle Age
17:07 Scale Barding Armor
19:10 Bloodlines
19:12 Forging
20:29 Medium Warships
22:28 Bow Saw
21:41 Light Cavalry
25:24 Ballistics
27:18 Chain Barding Armor
32:12 Bodkin Arrow
Vito
4:02 Loom
11:36 Feudal Age
12:02 Champi Runner
12:54 Arson
13:54 Forging
14:53 Scale Mail Armor
18:46 Castle Age
18:15 Fletching
19:44 Chain Mail Armor
18:57 Champi Warrior
19:38 Squires
21:12 Iron Casting
28:25 Wheelbarrow
29:37 Horse Collar
29:43 Double-Bit Axe
30:44 Town Watch
32:43 Redemption
Connection lost

Rejoining the realm…

Still unreachable

The connection could not be restored.

Session expired

The server has moved on; the page needs a fresh start.